 Dungeon Crawl Stone Soup version 0.23-a0-241-g3b46b07 (console) character file.

3225 nht the Martial Artist (level 9, -1/58 HPs)
             Began as an Octopode Transmuter on Sept 26, 2018.
             Slain by a hungry ghost (3 damage)
             ... on level 6 of the Dungeon.
             The game lasted 00:13:15 (5185 turns).

nht the Martial Artist (Octopode Transmuter)        Turns: 5185, Time: 00:13:15

Health: -1/58      AC:  1    Str:  9    XL:     9   Next: 98%
Magic:  4/12       EV: 13    Int: 15    God:
Gold:   287        SH:  0    Dex: 13    Spells: 4/12 levels left

rFire    . . .     SeeInvis .     - Unarmed
rCold    . . .     Gourm    .   (shield currently unavailable)
rNeg     + . .     Faith    .   (helmet restricted)
rPois    .         Spirit   .   (no amulet)
rElec    .         Reflect  .   n - ring of positive energy
rCorr    .         Harm     .   v - +5 ring of slaying
MR       .....                  k - -3 ring of intelligence (curse)
Stlth    ++........             (no ring)
HPRegen  0.19/turn              (no ring)
MPRegen  0.13/turn              (no ring)
                                (no ring)
                                (no ring)

@: blade tentacles (expiring)
A: almost no armour, stealthy swim, amphibious, 8 rings, constrict 8, camouflage
1, deterioration 1, mutation resistance 1, robust 1, screaming 1, gelatinous
body 1
a: End Transformation


You were on level 6 of the Dungeon.
You were very hungry.
You had blades for tentacles.
You visited 1 branch of the dungeon, and saw 8 of its levels.
You also visited: Sewer.

You collected 287 gold pieces.

Inventory:

Hand Weapons
 e - a +4 short sword
Missiles
 a - 88 arrows
Armour
 b - a +1 buckler (melded)
 o - a +0 large shield
Magical Staves
 l - an uncursed staff of conjuration
Jewellery
 k - a cursed -3 ring of intelligence (on tentacle)
 n - a ring of positive energy (left scythe-like blade)
 v - a +5 ring of slaying (right scythe-like blade)
Scrolls
 g - 3 scrolls of fog
 i - a scroll of enchant weapon
 m - 6 scrolls of teleportation
 p - a scroll of magic mapping
 r - 2 scrolls of remove curse
 u - 2 scrolls of enchant armour
 x - a scroll of immolation
 y - 5 scrolls of identify
Potions
 d - 3 potions of ambrosia
 f - 2 potions of flight
 h - 6 potions of brilliance
 q - 3 potions of haste
 s - a potion of invisibility
 t - a potion of magic
 w - 2 potions of heal wounds
 B - 2 potions of curing
 C - a potion of agility
Comestibles
 c - 15 rations
 j - 14 chunks of flesh


   Skills:
 - Level 1.0 Fighting
 - Level 2.0 Dodging
 - Level 4.1 Shields
 * Level 10.9 Unarmed Combat
 - Level 2.0 Spellcasting
 + Level 7.7 Transmutations


You had 4 spell levels left.
You knew the following spells:

 Your Spells              Type           Power        Failure   Level  Hunger
a - Spider Form           Tmut/Pois      ##........   54%         3    ###....
b - Blade Hands           Tmut           ###.......   69%         5    ######.

Your spell library contained the following spells:

 Spells                   Type           Power        Failure   Level  Hunger
 Beastly Appendage        Tmut           ###...       14%         1    #......
 Sticks to Snakes         Tmut           ###.....     17%         2    ###....
 Ice Form                 Ice/Tmut       ##......     82%         4    #####..


Dungeon Overview and Level Annotations

Branches:
Dungeon (8/15)
 Temple: D:4-7         Lair: D:8-11

Altars:
Ashenzari
Ru
Xom
Yredelemnul

Annotations:
D:7 1 runed door, exclusion: door


Innate Abilities, Weirdness & Mutations

You cannot wear most types of armour.
You are very stealthy in the water. (Stealth+)
You are amphibious.
You can wear up to eight rings at the same time.
You can use your tentacles to constrict eight enemies at once.
Your skin changes colour to match your surroundings (Stealth+).
Your rubbery body absorbs attacks. (AC +1, EV +1)
Your body sometimes deteriorates upon taking damage.
You are somewhat resistant to further mutation.
You are robust. (+10% HP)
You occasionally shout uncontrollably at your foes.


Message History

* * * LOW HITPOINT WARNING * * *
You slice the ogre!!
You kill the ogre!
You slash the hungry ghost!
The hungry ghost is moderately damaged.
The hungry ghost hits you.
* * * LOW HITPOINT WARNING * * *
You are feeling hungry.
You slash the hungry ghost!
The hungry ghost is heavily damaged.
The hungry ghost hits you.
* * * LOW HITPOINT WARNING * * *
You are feeling very hungry.
You slash the hungry ghost! You squeeze the hungry ghost!
The hungry ghost is almost destroyed.
Your transformation is almost over.
You completely miss the hungry ghost. Your squeeze misses the hungry ghost.
The hungry ghost is almost destroyed.
The hungry ghost hits you.
You die...

█....█ █...██
██.██ ██ █.█
█.██.█
███....███████
█....)........
██.███.██████
█ █@█


█W█ █).█ █..<. █.█.... █.█...... ..███.... ..█ .... █.█ ... You could see a
hungry ghost.

Vanquished Creatures
  A hippogriff (D:7)
  Sigmund (D:3)
  Eustachio (D:3)
  A spriggan (D:7)
  A water moccasin (D:8)
  A black bear (D:8)
  2 orc warriors
  2 ice beasts (D:6)
  4 ogres
  3 big kobolds (Sewer)
  A bullfrog (D:6)
  A scorpion (D:4)
  A water moccasin skeleton (D:7)
  5 killer bees (D:7)
  3 wights (D:8)
  3 crimson imps
  A hound (D:5)
  A centaur skeleton (D:4)
  3 orc priests
  A gnoll shaman (D:7)
  An iguana (D:8)
  6 orc wizards
  3 worker ants
  A hound skeleton (D:4)
  11 gnolls
  A river rat (Sewer)
  15 adders
  2 shadow imps
  2 oozes (Sewer)
  An adder skeleton (D:8)
  A worm (D:2)
  3 dart slugs
  2 leopard geckos
  27 orcs
  2 ball pythons (Sewer)
  7 bats
  4 giant cockroaches
  9 goblins
  3 hobgoblins
  10 jackals
  18 kobolds
  6 frilled lizards
  13 rats
185 creatures vanquished.

Notes
Turn   | Place    | Note
-------+----------+-------------------------------------------
     0 | D:1      | nht the Octopode Transmuter began the quest for the Orb.
     0 | D:1      | Reached XP level 1. HP: 13/13 MP: 3/3
   163 | D:1      | Reached XP level 2. HP: 7/18 MP: 5/5
   860 | D:2      | Reached XP level 3. HP: 23/23 MP: 6/6
   874 | D:2      | Reached skill level 1 in Shields
   991 | D:2      | Noticed an ogre
   995 | D:2      | Killed an ogre
   995 | D:2      | Reached skill level 4 in Unarmed Combat
   995 | D:2      | Reached XP level 4. HP: 27/28 MP: 7/7
   995 | D:2      | Reached XP level 5. HP: 32/33 MP: 8/8
  1052 | D:2      | Learned a level 3 spell: Spider Form
  1078 | D:2      | Learned a level 5 spell: Blade Hands
  1715 | D:3      | Found a glowing drain.
  1720 | Sewer    | Entered a sewer
  1863 | Sewer    | Reached skill level 5 in Unarmed Combat
  1894 | Sewer    | Noticed a big kobold
  1895 | Sewer    | Noticed a big kobold
  1904 | Sewer    | Gained mutation: You occasionally shout uncontrollably at
                  | your foes. [potion of mutation]
  1904 | Sewer    | Gained mutation: You are robust. (+10% HP) [potion of
                  | mutation]
  1904 | Sewer    | Gained mutation: Your body sometimes deteriorates upon
                  | taking damage. [potion of mutation]
  1904 | Sewer    | Gained mutation: You are somewhat resistant to further
                  | mutation. [potion of mutation]
  1909 | Sewer    | Killed a big kobold
  1909 | Sewer    | Reached XP level 6. HP: 17/41 MP: 9/9
  2248 | Sewer    | Reached XP level 7. HP: 24/47 MP: 10/10
  2317 | Sewer    | Reached skill level 6 in Unarmed Combat
  2616 | D:3      | Noticed Sigmund
  2622 | D:3      | Killed Sigmund
  2910 | D:4      | Noticed Eustachio
  2919 | D:3      | Killed Eustachio
  2919 | D:3      | Reached skill level 7 in Unarmed Combat
  2919 | D:3      | Reached XP level 8. HP: 48/52 MP: 11/11
  3171 | D:4      | Reached skill level 5 in Transmutations
  3539 | D:4      | Found a sacrificial altar of Ru.
  3755 | D:5      | Entered Level 5 of the Dungeon
  3804 | D:5      | You fall through a shaft for 3 floors!
  3804 | D:8      | Found a shimmering altar of Xom.
  3821 | D:8      | Reached skill level 8 in Unarmed Combat
  3839 | D:8      | Reached XP level 9. HP: 46/58 MP: 12/12
  3843 | D:8      | Reached skill level 9 in Unarmed Combat
  3905 | D:8      | Noticed a two-headed ogre
  4344 | D:7      | Reached skill level 10 in Unarmed Combat
  4472 | D:7      | Found a runed door.
  4968 | D:6      | Found a basalt altar of Yredelemnul.
  5023 | D:6      | Found a shattered altar of Ashenzari.
  5183 | D:6      | HP: 1/58 [hungry ghost (4)]
  5185 | D:6      | Slain by a hungry ghost

Vault maps used:
D:1:      minmay_arrival_doors, minmay_tromino_i4
D:2:      minmay_door_path
D:3:      portal_sewer_entry_e, uniq_sigmund
D:4:      nicolae_overflow_crystal_walls, uniq_eustachio
D:5:      okawaru_metal_pillars_3, first_ration, kennysheep_generic_room_7,
          uniq_duvessa, uniq_prince_ribbit1, uniq_edmund
D:6:      kennysheep_little_box, gammafunk_temple_overflow_pools,
          nicolae_temple_entry_ecumenical, supply_closet_lemuel,
          cheibrodos_ashenzari_chains
D:7:      cheibrodos_two_vegetables, the_bakery, uniq_crazy_yiuf_cottage
D:8:      kennysheep_mini, lemuel_coloured_pillars_altar, basic_altar
Sewer:    sewer_co_15_rooms

Skill      XL: |  1  2  3  4  5  6  7  8  9 |
---------------+----------------------------+-----
Shields        | 2 3 4 |  4.1
Unarmed Combat | 4 5 7 8 10 | 10.9
Transmutations | 3 4 6 7 |  7.7
Fighting       | |  1.0
Dodging        | |  2.0
Spellcasting   | |  2.0

Action                   |  1- 3 |  4- 6 |  7- 9 || total
-------------------------+-------+-------+-------++-------
Melee: Short sword       |    45 |   108 |   110 ||   263
       Unarmed           |     5 |       |   163 ||   168
       Kick              |     2 |       |       ||     2
       Constrict         |     9 |    24 |    35 ||    68
       Tentacles         |     7 |     9 |    25 ||    41
       Punch             |     1 |     4 |     7 ||    12
Throw: Throwing net      |       |       |     1 ||     1
 Cast: Beastly Appendage |     1 |       |       ||     1
       Spider Form       |       |       |    12 ||    12
       Blade Hands       |       |       |     1 ||     1
Evoke: Wand              |     2 |     1 |    13 ||    16
  Use: Scroll            |     5 |     6 |     8 ||    19
       Potion            |     1 |     4 |     2 ||     7
 Stab: Sleeping          |     4 |     4 |     3 ||    11
  Eat: Chunk             |       |     4 |    12 ||    16
Armor: Skin              |     1 |    10 |   100 ||   111
Dodge: Dodged            |    24 |    60 |   148 ||   232
Block: Buckler           |       |    24 |    57 ||    81

Table legend:
 A = Non-vault XP
 B = Vault XP
 C = Vault XP percentage of total XP
 D = Non-vault monster count
 E = Vault monster count
 F = Vault count percentage of total count
                 A         B        C        D         E       F
            +---------+---------+-------+---------+---------+-------
      Total |    3526 |    1082 |  23.5 |     150 |      35 |  18.9
            +---------+---------+-------+---------+---------+-------
        D:1 |      26 |       6 |  18.8 |      16 |       4 |  20.0
        D:2 |     189 |      30 |  13.7 |      25 |       5 |  16.7
        D:3 |     188 |     428 |  69.5 |      21 |       2 |   8.7
        D:4 |     390 |       0 |   0.0 |      16 |       0 |   0.0
        D:5 |      43 |       0 |   0.0 |       1 |       0 |   0.0
        D:6 |     741 |       0 |   0.0 |      20 |       0 |   0.0
        D:7 |    1075 |     205 |  16.0 |      30 |       1 |   3.2
        D:8 |     874 |       0 |   0.0 |      21 |       0 |   0.0
      Sewer |       0 |     413 | 100.0 |       0 |      23 | 100.0
            +---------+---------+-------+---------+---------+-------
